 Dungeon Crawl Stone Soup version 0.30-a0-847-g17996783a1 (webtiles) character file.

Game seed: 6821952335679141821

71131 FexLirch the Thaumaturge (level 16, -6/132 HPs)
             Began as a Meteoran Earth Elementalist on Mar 2, 2023.
             Was the Champion of Kikubaaqudgha.
             Mangled by a salamander
             ... wielding a +0 trident
              (12 damage)
             ... on level 4 of the Snake Pit on Mar 3, 2023.
             The game lasted 02:07:23 (7622 turns).

FexLirch the Thaumaturge (MeEE)                     Turns: 7622, Time: 02:07:23

Health: -6/132     AC: 12    Str: 11    XL:     16   Next: 28%
Magic:  32/34      EV: 16    Int: 30    God:    Kikubaaqudgha [******]
Gold:   165        SH:  8    Dex: 15    Spells: 1/42 levels left

rFire   . . .      SeeInvis .    C - staff of cold
rCold   + + .      Faith    .    j - +3 buckler
rNeg    . . .      Spirit   .    K - +1 leather armour {rC+}
rPois   +          Reflect  .    X - +0 helmet
rElec   .          Rampage  .    J - +2 cloak
rCorr   .                        D - +2 pair of gloves
Will    ++...                    L - +0 pair of boots
Stlth   +                        m - amulet of magic regeneration
HPRegen 0.42/turn                f - +6 ring of intelligence
MPRegen 0.64/turn                Z - ring of poison resistance

@: about to teleport, weakened, very slightly contaminated, glowing, studying
Poison Magic
A: sense surroundings 2, otherworldly, glowing, explore regen
a: Renounce Religion, Unearth Wretches, Torment, Brand Weapon With Pain, Receive
Forbidden Knowledge


You were on level 4 of the Snake Pit.
You worshipped Kikubaaqudgha.
Kikubaaqudgha was exalted by your worship.
You visited 4 branches of the dungeon, and saw 22 of its levels.
You also visited: Ossuary and Volcano.

You collected 972 gold pieces.
You spent 807 gold pieces at shops.

Inventory:

Hand Weapons
 t - a +2 demon blade of draining
Armour
 j - a +3 buckler (worn)
 D - a +2 pair of gloves (worn)
 J - a +2 cloak (worn)
 K - a +1 leather armour of cold resistance (worn)
 L - a +0 pair of boots (worn)
 X - a +0 helmet (worn)
Magical Staves
 C - a staff of cold (weapon)
Jewellery
 e - an amulet of reflection
 f - a +6 ring of intelligence (left hand)
 m - an amulet of magic regeneration (around neck)
 q - a ring of fire
 O - a ring of positive energy
 Z - a ring of poison resistance (right hand)
Wands
 a - a wand of mindburst (5)
 l - a wand of polymorph (5)
 u - a wand of flame (37)
 B - a wand of digging (6)
 G - a wand of paralysis (3)
 I - a wand of quicksilver (8)
 Q - a wand of iceblast (4)
Scrolls
 c - 3 scrolls of blinking
 d - 5 scrolls of enchant armour
 n - a scroll of vulnerability {unknown}
 s - 2 scrolls of teleportation
 v - 3 scrolls of amnesia
 w - 3 scrolls of poison
 x - a scroll of acquirement {unknown}
 y - 2 scrolls of magic mapping
 A - 4 scrolls of fog
 F - a scroll of summoning {unknown}
 M - a scroll of immolation {unknown}
 P - 2 scrolls of fear {unknown}
 S - 4 scrolls of torment
 T - a scroll of silence {unknown}
 W - a scroll of enchant weapon {unknown}
Potions
 b - a potion of magic
 g - 3 potions of heal wounds {unknown}
 i - a potion of lignification {unknown}
 k - 3 potions of might
 o - 3 potions of resistance
 p - 6 potions of mutation
 r - 2 potions of degeneration {unknown}
 z - 2 potions of haste
 E - 2 potions of curing
 H - 2 potions of cancellation
 U - 2 potions of berserk rage {unknown}
 V - 3 potions of brilliance
 Y - 2 potions of invisibility {unknown}
Miscellaneous
 h - a box of beasts
 N - a phantom mirror
 R - a lightning rod (3/4)


   Skills:
 - Level 9.4 Fighting
 - Level 9.7 Dodging
 - Level 1.4 Stealth
 - Level 4.0 Shields
 - Level 13.5 Spellcasting
 - Level 13.4 Conjurations
 * Level 10.8 Necromancy
 - Level 4.0 Translocations
 - Level 8.0 Transmutations
 * Level 6.3 Ice Magic
 - Level 12.6 Earth Magic
 - Level 12.5 Poison Magic


You had one spell level left.
You knew the following spells:

 Your Spells              Type           Power      Damage    Failure   Level
a - Sandblast             Erth           100%       2d20      1%          1
b - Passwall              Tmut/Erth      58%        N/A       1%          2
c - Stone Arrow           Conj/Erth      100%       3d13      1%          3
d - Iron Shot             Conj/Erth      39%        9d8       3%          6
e - Sublimation of Blood  Necr           71%        N/A       1%          2
f - Ignite Poison         Fire/Tmut/Pois 57%        N/A       1%          3
g - Lee's Rapid Deconstr  Erth           38%        3d19*     1%          5
h - Olgreb's Toxic Radia  Pois           77%        N/A       1%          4
i - Apportation           Tloc           88%        N/A       1%          1
j - Statue Form           Tmut/Erth      46%        N/A       10%         6
k - Blink                 Tloc           88%        N/A       1%          2
l - Simulacrum            Ice/Necr       41%        N/A       19%         6

Your spell library contained the following spells:

 Spells                   Type           Power      Damage    Failure   Level
 Kiss of Death            Conj/Necr      100%       2d13      1%          1
 Necrotise                Necr           100%       1d9       1%          1
 Sting                    Tmut/Pois      100%       1d8       1%          1
 Summon Small Mammal      Summ           80%        N/A       4%          1
 Cigotuvi's Dreadful Rot  Necr/Pois/Air  100%       N/A       1%          2
 Lesser Beckoning         Tloc           88%        N/A       1%          2
 Momentum Strike          Conj/Tloc      100%       3d10      1%          2
 Poisonous Vapours        Pois/Air       100%       N/A       1%          2
 Vampiric Draining        Necr           71%        2d11      1%          3
 Dispel Undead            Necr           71%        3d24      1%          4
 Petrify                  Tmut/Erth      70%        N/A       1%          4
 Borgnjor's Vile Clutch   Necr/Erth      37%        N/A       1%          5
 Irradiate                Conj/Tmut      35%        3d23      1%          5
 Animate Armour           Summ/Erth      100%       N/A       3%          4
 Leda's Liquefaction      Hex/Erth       27%        N/A       3%          4
 Anguish                  Hex/Necr       25%        N/A       4%          4
 Blade Hands              Tmut           31%        N/A       4%          5
 Portal Projectile        Hex/Tloc       64%        N/A       5%          3
 Freezing Cloud           Conj/Ice/Air   37%        6-21      8%          5
 Death Channel            Necr           35%        N/A       8%          6
 Call Canine Familiar     Summ           20%        N/A       13%         3
 Confusing Touch          Hex            20%        N/A       13%         3
 Yara's Violent Unravell  Hex/Tmut       22%        3d10      22%         5
 Lehudib's Crystal Spear  Conj/Erth      39%        10d10     78%         8
 Polar Vortex             Ice            36%        N/A       100%        9


Dungeon Overview and Level Annotations

Branches:
Dungeon (12/15) Zot: 3403  Temple (1/1) D:5 Zot: 590    Lair (5/5) D:10 Zot: 723
 Shoals (0/4) Lair:3        Snake (4/4) Lair:2 Zot: 1299   Slime (0/5) Lair:4
Ossuary (visited)         Volcano (visited)
    Orc: D:9-12

Altars:
Cheibriados
Dithmenos
Elyvilon
Fedhas
Gozag
Kikubaaqudgha
Makhleb
Nemelex Xobeh
Okawaru
Qazlal
Ru
Trog
Uskayaw
Vehumet
Wu Jian
Xom
Yredelemnul
Zin
The Shining One
Jiyva
Lugonu

Shops:
D:10 ?   D:11 !   Snake:4 =:?=

Portals:
Abyss: D:10 Lair:5

Annotations:
D:10 2 transporters, Esekla's ghost, journeyman OpDe
Lair:4 exclusion: 5 oklob plants
Snake:2 exclusion: downstairs


Innate Abilities, Weirdness & Mutations

You passively map the area around you.
You are easily found by Zot.
You glow in the dark.
You regain HP and MP as you explore.


Message History

The anaconda constricts you. The naga mage hits you with a +0 whip!
Casting: Blink (safe; 1% risk of failure)
Confirm with . or Enter, or press ? or * to list all spells.
You escape the anaconda's grasp.
You blink. 2 nagas come into view.
A naga is wielding a +1 battleaxe of pain.
You feel sick.
The guardian serpent coils itself and waves its upper body at you.
The bolt of poison hits you. You resist.
The salamander hits you with a +0 trident!
You are engulfed in flames!
The salamander mystic gestures at the anaconda while chanting.
The anaconda seems to speed up.
The guardian serpent hits you.
* * * LOW HITPOINT WARNING * * *
The guardian serpent casts a spell at you.
The bolt of poison hits you!
You are more poisoned.
You resist.
* * * LOW HITPOINT WARNING * * *
You feel better. The guardian serpent barely misses you.
You block the salamander's attack.
The guardian serpent casts a spell at you.
The bolt of poison hits you. You resist.
* * * LOW HITPOINT WARNING * * *
The salamander attacks as you move away!
The salamander hits you with a +0 trident.
* * * LOW HITPOINT WARNING * * *
You are engulfed in flames!
* * * LOW HITPOINT WARNING * * *
You feel stable enough to blink again.
The guardian serpent casts a spell at you.
The guardian serpent blinks!
The naga sharpshooter blinks into view!
The anaconda blinks into view!
The anaconda blinks!
The salamander tyrant gazes fiercely through you!
You feel as though you will be weak longer.
The salamander hits you from afar with a +0 trident.
* * * LOW HITPOINT WARNING * * *
You are engulfed in flames!
You die...
Kikubaaqudgha rasps: "You have failed me!
Welcome... death!"

,,,,,*#...#..N#......###.........
,8,,,,#...##N.#............#.#...
,,,,,,...###SS#....###.....#.#...
,,,⌠,,...# #N.#...,* ###...#.##.#
,,,,,....# #..#N.#** #..###..#.#
,8,,,.#.## #§.#..# ##.## #..###
,,,,.#### #§§#NN##* #..# #...#.
,,,,,#..# #..SSS#.###.###*##.###
⌠,,,##..## ##NNS@#.....###.#.....
,,**#....## #..NS#...........∩.∩.
*** #.....####..##.....###.#.....
## ##........####........#*##.###
.###........###.........#..#...#.
..#..........#..#......##*.#..###
...............###.....# **#..#,#
###...####.....###....## #.##,# #
##..# ##....##.....# #.*,**


You could see a naga sharpshooter (strong), a salamander mystic (strong), a
salamander, 2 anacondas, 3 guardian serpents, a naga mage (fast, strong) and 2
nagas.

Vanquished Creatures
  Mara (Snake:4)
  Vashnia (Snake:2)
  Mlioglotl (Snake:3)
  A fire dragon (Volcano)
  Harold (Lair:1)
  2 hydras
  5 anacondas
  A boulder beetle (Lair:5)
  A catoblepas (Lair:2)
  6 two-headed ogres
  Erica (D:11)
  4 thrashing horrors (Lair:5)
  A naga warrior (Snake:1)
  5 naga sharpshooters (Snake:2)
  Urug (Lair:2)
  A skyshark (Lair:5)
  A shock serpent (Snake:2)
  A salamander mystic (Snake:4)
  A lindwurm (Lair:3)
  5 mana vipers
  An ugly thing (Lair:5)
  4 salamanders
  A cyclops (D:11)
  10 elephants
  A merfolk siren (Lair:3)
  22 black mambas
  A guardian serpent (Snake:4)
  5 naga magi (Snake:4)
  Maurice (D:11)
  6 cane toads
  A smoke demon (Lair:5)
  2 rime drakes
  11 komodo dragons
  A kobold demonologist (D:10)
  3 ancient zymes (Lair:5)
  4 trolls
  2 polar bears
  Grinder (D:6)
  5 dream sheep (Lair:4)
  20 blink frogs
  A wind drake (shapeshifter) (Lair:5)
  10 small abominations (Lair:5)
  9 wyverns
  A spriggan (Lair:5)
  33 yaks
  A ynoxinul (Lair:5)
  A human (D:11)
  A wraith (D:11)
  3 basilisks
  3 hogs (D:11)
  A golden eye (shapeshifter) (Lair:5)
  A redback (shapeshifter) (Lair:5)
  2 chaos spawn (Lair:5)
  3 fire bats (Volcano)
  7 steam dragons
  Edmund (D:6)
  13 nagas
  11 water moccasins
  3 acid dragons
  2 hell hounds (Lair:5)
  2 orc warriors
  An ice beast (D:6)
  4 ogres
  A black bear (D:6)
  3 centaurs
  2 phantoms (D:5)
  4 bullfrogs
  An elf zombie (Ossuary)
  3 scorpions
  9 killer bees
  3 howler monkeys (D:10)
  An electric eel (Lair:4)
  2 centaur zombies (Ossuary)
  3 hounds
  Crazy Yiuf (D:6)
  3 jellies
  A human zombie (Ossuary)
  4 orc priests
  A sleepcap (D:6)
  4 iguanas
  8 orc wizards
  2 mummies (Ossuary)
  4 gnolls
  3 adders
  3 shadow imps
  A white imp (D:6)
  An ufetubus (D:5)
  An adder zombie (Ossuary)
  2 worms
  2 dart slugs
  23 orcs
  A bat (D:3)
  2 endoplasms
  A giant cockroach (D:4)
  A goblin (D:3)
  2 hobgoblins
  4 jackals (D:4)
  2 quokkas (D:1)
  4 ball pythons
  2 frilled lizards
  2 goblin zombies (Ossuary)
  6 hobgoblin zombies (Ossuary)
  2 jackal zombies (Ossuary)
  2 kobolds (D:4)
  11 kobold zombies (Ossuary)
  9 orc zombies (Ossuary)
  2 rats
  2 rat zombies (Ossuary)
408 creatures vanquished.

Vanquished Creatures (collateral kills)
  A naga sharpshooter (Snake:2)
1 creature vanquished.

Vanquished Creatures (others)
  11 fungi
  41 plants
52 creatures vanquished.

Grand Total: 461 creatures vanquished

Notes
Turn   | Place    | Note
-------+----------+-------------------------------------------
     0 | D:1      | FexLirch the Meteoran Earth Elementalist began the quest
                  | for the Orb.
     0 | D:1      | Reached XP level 1. HP: 14/14 MP: 5/5
    96 | D:1      | Reached XP level 2. HP: 19/20 MP: 2/6
    99 | D:1      | Learned a level 2 spell: Passwall
   114 | D:1      | Reached skill level 1 in Conjurations
   231 | D:2      | Found a faded altar of an unknown god.
   234 | D:2      | Reached XP level 3. HP: 26/26 MP: 5/8
   290 | D:3      | Learned a level 3 spell: Stone Arrow
   432 | D:4      | Found a sand-covered staircase.
   441 | Ossuary  | Entered an ossuary
   471 | Ossuary  | Reached XP level 4. HP: 33/33 MP: 2/10
   601 | Ossuary  | Reached XP level 5. HP: 37/38 MP: 3/12
   652 | Ossuary  | Reached skill level 5 in Earth Magic
   652 | Ossuary  | Reached XP level 6. HP: 40/45 MP: 0/13
   784 | D:5      | Entered Level 5 of the Dungeon
   889 | D:5      | Reached skill level 5 in Spellcasting
   914 | D:5      | Reached XP level 7. HP: 50/50 MP: 11/15
   932 | D:5      | Found a snail-covered altar of Cheibriados.
  1138 | D:7      | Reached skill level 5 in Conjurations
  1165 | D:6      | Noticed Grinder
  1167 | D:6      | Noticed Edmund
  1174 | D:6      | Killed Edmund
  1175 | D:6      | Reached XP level 8. HP: 57/57 MP: 4/18
  1181 | D:6      | Paralysed by Grinder for 5 turns
  1188 | D:6      | Killed Grinder
  1191 | D:6      | You fall into a shaft and drop 2 floors!
  1385 | D:5      | Gained mutation: You passively map the area around you.
                  | [Meteoran growth]
  1385 | D:5      | Reached XP level 9. HP: 62/62 MP: 5/21
  1417 | D:5      | Noticed a troll
  1425 | D:5      | Killed a troll
  1508 | D:5      | Found a staircase to the Ecumenical Temple.
  1510 | Temple   | Entered the Ecumenical Temple
  1516 | Temple   | Became a worshipper of Kikubaaqudgha
  1630 | D:6      | Found a runed translucent door.
  1631 | D:6      | Noticed Crazy Yiuf
  1636 | D:6      | Killed Crazy Yiuf
  1696 | D:7      | Learned a level 6 spell: Iron Shot
  2067 | D:8      | Reached skill level 1 in Fighting
  2067 | D:8      | Reached skill level 1 in Shields
  2074 | D:8      | Reached XP level 10. HP: 61/72 MP: 3/24
  2299 | D:8      | Reached * piety under Kikubaaqudgha
  2299 | D:8      | Received a gift from Kikubaaqudgha
  2303 | D:8      | Learned a level 2 spell: Sublimation of Blood
  2309 | D:8      | Learned a level 3 spell: Vampiric Draining
  2475 | D:10     | Entered Level 10 of the Dungeon
  2485 | D:9      | Reached skill level 1 in Necromancy
  2721 | D:10     | Noticed a two-headed ogre
  2726 | D:9      | Found a shadowy altar of Dithmenos.
  2727 | D:9      | Killed a two-headed ogre
  2728 | D:9      | Reached skill level 10 in Spellcasting
  2906 | D:10     | Noticed a kobold demonologist
  2907 | D:10     | Killed a kobold demonologist
  2916 | D:10     | Reached XP level 11. HP: 42/84 MP: 1/26
  2928 | D:10     | Found The Oracle's Delphic Readings.
  2932 | D:10     | Bought a scroll of blinking for 105 gold pieces
  3009 | D:11     | Noticed a two-headed ogre
  3012 | D:11     | Killed a two-headed ogre
  3013 | D:11     | Reached skill level 10 in Conjurations
  3030 | D:11     | Found an iron altar of Okawaru.
  3032 | D:11     | Noticed Maurice
  3072 | D:11     | Found Kesugavo's Distillery.
  3085 | D:11     | Killed Maurice
  3086 | D:11     | Reached skill level 1 in Poison Magic
  3115 | D:11     | Noticed a two-headed ogre
  3118 | D:11     | Killed a two-headed ogre
  3119 | D:11     | Reached skill level 5 in Fighting
  3210 | D:11     | Noticed a cyclops
  3217 | D:11     | Killed a cyclops
  3267 | D:11     | Reached ** piety under Kikubaaqudgha
  3287 | D:11     | Learned a level 5 spell: Lee's Rapid Deconstruction
  3292 | D:11     | Learned a level 4 spell: Olgreb's Toxic Radiance
  3386 | D:11     | Found an ornate altar of the Wu Jian Council.
  3412 | D:11     | Reached skill level 5 in Dodging
  3412 | D:11     | Reached skill level 5 in Necromancy
  3457 | D:11     | Noticed Erica
  3465 | D:11     | Killed Erica
  3466 | D:11     | Reached XP level 12. HP: 34/95 MP: 1/28
  3650 | D:10     | Found a transporter.
  3672 | D:10     | Found a transporter.
  3684 | D:10     | Noticed a thrashing horror
  3688 | D:10     | Noticed Esekla's ghost (journeyman OpDe)
  3697 | D:10     | Found a one-way gate to the infinite horrors of the Abyss.
  3803 | D:10     | Found a staircase to the Lair.
  3812 | Lair:1   | Entered Level 1 of the Lair of Beasts
  3841 | Lair:1   | Reached skill level 10 in Earth Magic
  3909 | Lair:1   | Reached skill level 5 in Poison Magic
  4066 | Lair:2   | Found a staircase to the Snake Pit.
  4067 | Lair:2   | Noticed an eight-headed hydra
  4079 | Lair:2   | Killed an eight-headed hydra
  4106 | Lair:2   | Noticed a catoblepas
  4115 | Lair:2   | Killed a catoblepas
  4130 | Lair:2   | Learned a level 1 spell: Apportation
  4219 | Lair:2   | Learned a level 6 spell: Statue Form
  4220 | Lair:1   | Noticed Harold
  4225 | Lair:1   | Killed Harold
  4273 | Lair:1   | Found a blossoming altar of Fedhas.
  4309 | Lair:1   | Reached XP level 13. HP: 89/104 MP: 13/29
  4416 | D:10     | Bought a book of Spatial Translocations for 252 gold pieces
  4419 | D:10     | Learned a level 2 spell: Blink
  4568 | Lair:2   | Reached *** piety under Kikubaaqudgha
  4568 | Lair:2   | Received a gift from Kikubaaqudgha
  4571 | Lair:2   | Noticed Urug
  4580 | Lair:2   | Reached skill level 1 in Translocations
  4582 | Lair:2   | Killed Urug
  4586 | Lair:2   | You fall into a shaft and drop 1 floor!
  4666 | Lair:4   | Found a staircase to the Slime Pits.
  4666 | Lair:4   | Found a viscous altar of Jiyva.
  4741 | Lair:4   | Got Sif Muna's Papyrus of Modification
  4870 | Lair:3   | Noticed an eight-headed hydra
  4874 | Lair:3   | Killed an eight-headed hydra
  4913 | Lair:3   | Reached **** piety under Kikubaaqudgha
  4914 | Lair:3   | Reached skill level 5 in Transmutations
  4916 | Lair:3   | Found a staircase to the Shoals.
  5091 | Lair:5   | Entered Level 5 of the Lair of Beasts
  5091 | Lair:5   | Noticed a boulder beetle
  5104 | Lair:5   | Killed a boulder beetle
  5142 | Lair:5   | Reached XP level 14. HP: 114/114 MP: 27/31
  5242 | Lair:5   | Learned a level 3 spell: Ignite Poison
  5283 | Lair:5   | Found a dark tunnel.
  5289 | Volcano  | Entered a volcano
  5357 | Volcano  | Reached skill level 10 in Poison Magic
  5478 | Volcano  | Noticed a fire dragon
  5491 | Volcano  | Killed a fire dragon
  5493 | Volcano  | Reached ***** piety under Kikubaaqudgha
  6013 | Lair:5   | Upgraded the game from 0.30-a0-845-g7c6808c8ce to
                  | 0.30-a0-847-g17996783a1
  6297 | Lair:5   | Reached XP level 15. HP: 82/123 MP: 6/33
  6313 | Lair:5   | Found a corrupted altar of Lugonu.
  6565 | Snake:1  | Entered Level 1 of the Snake Pit
  6636 | Snake:1  | Reached skill level 1 in Ice Magic
  6676 | Snake:3  | Noticed a nagaraja
  6678 | Snake:3  | Noticed Mlioglotl
  6762 | Snake:2  | Noticed Vashnia
  6803 | Snake:2  | Killed Vashnia
  7020 | Snake:2  | HP: 2/124 [naga warrior/splash of poison (11)]
  7111 | Snake:3  | Killed Mlioglotl
  7120 | Snake:4  | Entered Level 4 of the Snake Pit
  7130 | Snake:4  | Found Wiebbueh's Magic Scroll Emporium.
  7135 | Snake:4  | Found Luifracoh's Book Shoppe.
  7135 | Snake:4  | Found Dyivefir's Jewellery Emporium.
  7152 | Snake:4  | Learned a level 6 spell: Simulacrum
  7174 | Snake:4  | Found Rodimext's Jewellery Shop.
  7190 | Snake:4  | Bought an amulet of magic regeneration for 450 gold pieces
  7237 | Snake:4  | Reached XP level 16. HP: 124/132 MP: 23/34
  7241 | Snake:4  | Reached skill level 10 in Necromancy
  7274 | Snake:4  | Reached skill level 5 in Ice Magic
  7366 | Snake:4  | Reached ****** piety under Kikubaaqudgha
  7481 | Snake:4  | Noticed Mara
  7483 | Snake:4  | Noticed FexLirch's illusion
  7487 | Snake:4  | Killed Mara
  7622 | Snake:4  | HP: 6/132 [salamander/+0 trident (4)]
  7622 | Snake:4  | Mangled by a salamander

Illustrated notes

Levels and vault maps discovered:
D:1:      tarquinn_simple_flora_water_b, layout_loops_ring, st_stairs_9,
          kennysheep_nondescript, minmay_heptomino_l4
D:2:      layout_loops_ring, basic_altar, shapermc_ecumenical_altar_pompeii,
          uniq_sigmund
D:3:      layout_loops_ring, minitemple
D:4:      layout_cave_pods, nzn_hepliaklqana_mist_gate,
          nicolae_ossuary_entry_monument
D:5:      layout_cave_pools, slow_altar_2, minmay_temple_entry_enclosed_plants,
          dk_noncrumbling_4, abandoned_shop, minmay_manual_moon
D:6:      layout_rooms, small_statue_intersection, serial_bayou_pond_d,
          uniq_grinder, uniq_crazy_yiuf_cottage, uniq_edmund, uniq_menkaure
D:7:      layout_loops_ring, nicolae_zen_rock_garden
D:8:      layout_gridville
D:9:      layout_cave_pods, grunt_dithmenos_smoke, minivault_25
D:10:     layout_layer_cave, lair_entry_dummy, gammafunk_ghost_abyssal_escape,
          nicolae_nh_oracle_at_delphi
D:11:     layout_loops_cross, serial_shops, nicolae_shop_waterfront,
          grunt_livestock, hangedman_feature_mirror, uniq_erica, uniq_maurice
D:12:     minmay_opposing_rooms, layout_basic, kennysheep_generic_room_2
Temple:   sentei_temple_godly_chess
Lair:1:   layout_long_grid, tgw_fedhas, uniq_harold
Lair:2:   layout_small_grid, guppyfry_snake_entry_island, serial_bayou_pond_c,
          uniq_urug
Lair:3:   beargit_carnivore_pack, layout_cave_pods,
          minmay_shoals_entry_lonely_mermaid
Lair:4:   layout_cellular_growth, minmay_slime_entry_oklob_enclosed,
          wad_woods_river_01
Lair:5:   hellmonk_lair_end_abyssal_woods, layout_regular_city, enter_volcano_3
Snake:1:  layout_concentric_octagons, hangedman_snake_pattern, uniq_aizul
Snake:2:  layout_grid_maze, nicolae_snake_shapes, uniq_vashnia
Snake:3:  layout_misc_corridors, grunt_megastairs_3, uniq_mlioglotl
Snake:4:  grunt_snake_rune_serpentine_throne, layout_layer_cave, serial_shops,
          nicolae_shop_crystal, minmay_shop_star, uniq_mara

Skill      XL: |  1  2  3  4  5  6  7  8  9 10 11 12 13 14 15 16 |
---------------+-------------------------------------------------+-----
Spellcasting   | 3 4 5 6 7 9 10 11 12 13 | 13.5
Conjurations   | 1 2 3 4 5 6 8 9 10 11 12 13 | 13.4
Earth Magic    | 4 5 6 7 8 9 10 11 12 | 12.6
Fighting       | 1 4 5 6 7 8 9 |  9.4
Shields        | 1 4 |  4.0
Necromancy     | 3 5 6 7 8 9 10 | 10.8
Dodging        | 3 5 6 7 9 |  9.7
Poison Magic   | 4 7 9 11 12 | 12.5
Transmutations | 3 5 7 8 |  8.0
Translocations | 3 4 |  4.0
Ice Magic      | 4 6 |  6.3
Stealth        | |  1.4

Action                     |  1- 3 |  4- 6 |  7- 9 | 10-12 | 13-15 | 16-18 || total
---------------------------+-------+-------+-------+-------+-------+-------++-------
  Melee: Whip              |       |    69 |     2 |       |       |       ||    71
         Dagger            |       |     1 |       |       |       |       ||     1
         Staff             |       |       |     1 |     4 |    71 |     2 ||    78
   Cast: Sandblast         |    36 |    56 |    61 |    25 |    20 |       ||   198
         Passwall          |     2 |     1 |     4 |    25 |    16 |     3 ||    51
         Stone Arrow       |       |       |    58 |   128 |   170 |    19 ||   375
         Iron Shot         |       |       |       |    25 |   100 |    18 ||   143
         Sublimation of Bl |       |       |       |     9 |    19 |       ||    28
         Vampiric Draining |       |       |       |     3 |     6 |       ||     9
         Olgreb's Toxic Ra |       |       |       |    10 |    29 |       ||    39
         Lee's Rapid Decon |       |       |       |     2 |    10 |     1 ||    13
         Ignite Poison     |       |       |       |       |    14 |       ||    14
         Blink             |       |       |       |       |    11 |     3 ||    14
         Statue Form       |       |       |       |       |     4 |       ||     4
Ability: End Transformatio |       |       |       |       |     1 |       ||     1
  Evoke: Wand              |       |       |     6 |     4 |    10 |       ||    20
         Lightning rod     |       |       |       |     1 |     7 |       ||     8
         Box of beasts     |       |       |       |       |     1 |       ||     1
         Phantom mirror    |       |       |       |       |     1 |       ||     1
    Use: Scroll            |       |       |       |     9 |    14 |     3 ||    26
         Potion            |       |       |       |       |    11 |     2 ||    13
   Stab: Paralysed         |       |       |       |       |     7 |       ||     7
 Armour: Robe              |     4 |    23 |     5 |       |       |       ||    32
         Leather armour    |       |       |     2 |    25 |    70 |    19 ||   116
         Skin              |       |       |       |       |    68 |       ||    68
  Dodge: Dodged            |     2 |    28 |    14 |    26 |   190 |    32 ||   292
  Block: Buckler           |       |    46 |    31 |    63 |   289 |    17 ||   446
         Reflection        |       |     1 |     3 |     6 |    22 |       ||    32

Table legend: (Time is in decaauts)
 A = Elapsed time spent in this place.
 B = Non-inter-level travel time spent in this place.
 C = Inter-level travel time spent in this place.
 D = Time resting spent in this place.
 E = Time spent auto-exploring this place.
 F = Levels seen in this place.
 G = Mean time per level.
                   A        B        C        D        E       F      G
               +--------+--------+--------+--------+--------+-----+--------+
         Total |   7845 |   6995 |    850 |      4 |      0 |  24 |  326.9 |
       Dungeon |   3796 |   3315 |    481 |      4 |      0 |  12 |  316.3 |
        Temple |      9 |      9 |      0 |      0 |      0 |   1 |    9.0 |
          Lair |   2276 |   1966 |    310 |      0 |      0 |   5 |  455.2 |
     Snake Pit |   1100 |   1041 |     59 |      0 |      0 |   4 |  275.0 |
       Ossuary |    325 |    325 |      0 |      0 |      0 |   1 |  325.0 |
       Volcano |    337 |    337 |      0 |      0 |      0 |   1 |  337.0 |
               +--------+--------+--------+--------+--------+-----+--------+

Top non-repeatable levels by time:
  Lair:5: 911 daAuts
    D:10: 697 daAuts
    D:11: 519 daAuts
 Snake:4: 496 daAuts
 Snake:2: 472 daAuts
     D:7: 451 daAuts
  Lair:4: 429 daAuts
     D:8: 394 daAuts
     D:9: 380 daAuts
     D:4: 365 daAuts
  Lair:1: 359 daAuts
 Volcano: 337 daAuts
  Lair:3: 334 daAuts
 Ossuary: 325 daAuts
     D:5: 306 daAuts
